 Dungeon Crawl Stone Soup version 0.22-a0-136-g83a10e5 (webtiles) character file.

29 varam the Chopper (level 3, 0/31 HPs)
             Began as a Hill Orc Fighter on Feb 4, 2018.
             Slain by a bat (1 damage)
             ... on level 2 of the Dungeon.
             The game lasted 00:00:58 (778 turns).

varam the Chopper (Hill Orc Fighter)                 Turns: 778, Time: 00:00:58

Health: 0/31       AC:  9    Str: 18    XL:     3   Next: 16%
Magic:  3/3        EV:  7    Int:  9    God:
Gold:   5          SH:  9    Dex: 10    Spells: 2/2 levels left

rFire    . . .     SeeInvis .   a - +0 war axe
rCold    . . .     Gourm    .   c - +0 shield
rNeg     . . .     Faith    .   b - +0 scale mail
rPois    .         Spirit   .   (no helmet)
rElec    .         Reflect  .   j - +0 cloak
rCorr    .         Harm     .   (no gloves)
MR       .....                  k - +0 pair of boots
Stlth    ..........             (no amulet)
HPRegen  0.10/turn              (no ring)
MPRegen  0.08/turn              (no ring)

@: lethally poisoned (0 -> -2)
A: no striking features
a: no special abilities


You were on level 2 of the Dungeon.
You were not hungry.

You visited 1 branch of the dungeon, and saw 2 of its levels.

You collected 5 gold pieces.

Inventory:

Hand Weapons
 a - a +0 war axe (weapon)
Armour
 b - a +0 scale mail (worn)
 c - a +0 shield (worn)
 j - a +0 cloak (worn)
 k - a +0 pair of boots (worn)
Wands
 l - a wand of acid (9)
Scrolls
 e - a scroll of remove curse {unknown}
 g - a scroll of identify {unknown}
 i - a scroll of noise {unknown}
Potions
 d - 2 potions of might
Comestibles
 f - a ration
 h - 8 chunks of flesh


   Skills:
 - Level 3.6 Fighting
 * Level 4.2 Axes
 - Level 3.2 Armour
 + Level 3.7 Shields


You had 2 spell levels left.
You didn't know any spells.

Dungeon Overview and Level Annotations

Branches:
Dungeon (2/15)

Altars:

Annotations:
D:2 Jessica


Message History

Increase (S)trength, (I)ntelligence, or (D)exterity?
You feel clever.
You feel sick. Jessica casts a spell at you. Pain shoots through your body!
* * * LOW HITPOINT WARNING * * *
Okay, then.
Jessica mumbles some strange words.
Jessica blinks!
A bat comes into view.
* * * LOW HITPOINT WARNING * * *
You feel sick. The bat barely misses you.
Your scale mail prevents you from hitting the bat.
You block the bat's attack. The bat hits you but does no damage.
You miss the bat. The bat barely misses you. You block the bat's attack. x2
You closely miss the bat.
* * * LOW HITPOINT WARNING * * *
You feel sick. The bat hits you.
You die...

#..# ....... #..#
....... #..# .......
#..# ...S... #..##.#
....... <.....
.$..... #b##.#
......?#######@##.###
..........@....##...#
.......######..##..#
####.#. #####..##..#
# #.............#
#.######..##..# #.
#..##..# #. #..##..#
.. #..##..#


You could see Jessica and a bat.

Vanquished Creatures
  An adder (D:2)
  A leopard gecko (D:1)
  3 hobgoblins (D:1)
  4 jackals (D:2)
  A ball python (D:1)
  5 bats
  A goblin (D:1)
  2 rats (D:1)
18 creatures vanquished.

Notes
Turn   | Place    | Note
-------+----------+-------------------------------------------
     0 | D:1      | varam the Hill Orc Fighter began the quest for the Orb.
     0 | D:1      | Reached XP level 1. HP: 19/19 MP: 1/1
     3 | D:1      | Noticed an anaconda
     6 | D:1      | Noticed a death yak
    94 | D:1      | Reached skill level 3 in Axes
   184 | D:1      | Reached XP level 2. HP: 26/26 MP: 2/2
   754 | D:2      | Noticed Jessica
   771 | D:2      | Reached skill level 4 in Axes
   771 | D:2      | Reached XP level 3. HP: 17/31 MP: 3/3
   771 | D:2      | HP: 2/31 [Jessica/nerve-wracking pain (14)]
   778 | D:2      | HP: 1/31 [poisoned by an adder]
   778 | D:2      | Slain by a bat

Vault maps used:
D:1:      sevenhm_arrival_forest_fort_small_2
D:2:      nicolae_overflow_hidden_temple, fiery_altar_vehumet, uniq_jessica

Skill      XL: |  1  2 |
---------------+-------+-----
Axes           | 3 4 |  4.2
Fighting       | |  3.6
Armour         | |  3.2
Shields        | |  3.7

Action                   || total
-------------------------++-------
Melee: War axe           ||    53
Armor: Scale mail        ||    28
Dodge: Dodged            ||    27
Block: Shield            ||    41

Table legend:
 A = Spawn XP
 B = Non-spawn XP
 C = Spawn XP percentage of total XP
 D = Spawn monster count
 E = Non-spawn monster count
 F = Spawn count percentage of total count
 G = Total turns spent on level
                    A         B        C        D         E        F      G
               +---------+---------+-------+---------+---------+-------+---------
         Total |       0 |      42 |   0.0 |       0 |      18 |   0.0 |   778
               +---------+---------+-------+---------+---------+-------+---------
           D:1 |       0 |      18 |   0.0 |       0 |      11 |   0.0 |   702
           D:2 |       0 |      24 |   0.0 |       0 |       7 |   0.0 |    76
               +---------+---------+-------+---------+---------+-------+---------
